Cogmind - Beta 15 @@@ ROGUE MODE // 2025.05.26 @ 12:24:16 Player: Man of Plasma Result: Destroyed by Z-Imprinter with Zionite Laser-M Performance ------------- Evolutions (1) 500 Regions Visited (6) 1200 Robots Destroyed (34) 170 Value Destroyed (721) 721 Prototype IDs (4) 80 Alien Tech Used (0) 0 Bonus (19) 19 TOTAL SCORE: 2690 Bonus ------- High Alert Combat Kills 19 Cogmind --------- Core Integrity 0/400 Matter 186/300 Energy 85/100 System Corruption 0% Temperature Cool (28) Movement Flying (200) Ox2 Location -7/Deep Caves Parts ------- > --- POWER (1) -------- (None) > --- PROPULSION (4) --- Flight Unit > --- UTILITY (2) ------ Medium Storage Unit > --- WEAPON (2) ------- (None) > --- INVENTORY (10) --- Light Ion Engine Small Storage Unit ECM Suite Hacking Drone Bay (1/1) Heavy Battle Rifle Mini Grenade Launcher Mining Laser Peak State ------------ > --- POWER ------------ Light Ion Engine > --- PROPULSION ------- Flight Unit Flight Unit Flight Unit Improved Flight Unit > --- UTILITY ---------- Medium Storage Unit Hacking Drone Bay > --- WEAPON ----------- Beamcaster Heavy Beamcaster > --- INVENTORY -------- Light Ion Engine Flight Unit Improved Heat Sink Small Storage Unit ECM Suite Mini Grenade Launcher Mining Laser [Rating: 29] Favorites ----------- Power Light Ion Engine Engine Light Ion Engine Power Core Light Nuclear Core Propulsion Flight Unit Treads Light Treads Leg Aluminum Leg Flight Unit Flight Unit Utility Small Storage Unit Device ECM Suite Storage Small Storage Unit Protection Light Armor Plating Weapon Small Laser Energy Gun Small Laser Energy Cannon Advanced Beam Cannon Ballistic Gun Heavy Battle Rifle Launcher Mini Grenade Launcher Special Weapon Mining Laser Slashing Weapon Makeshift Sword Build | -11 -10 -10 -9 -9 -7 -7 ------- Run | Yrd Mat Min Mat Min Zio Dee Slots Evolved 2 | . . . 2 . . . Power . | . . . . . . . Propulsion 2 | . . . 2 . . . Utility . | . . . . . . . Weapon . | . . . . . . . Parts Attached 45 | 7 . 11 16 . 10 1 Power 7 | 1 . 2 3 . 1 . Engine 6 | 1 . 1 3 . 1 . Core 1 | . . 1 . . . . Reactor . | . . . . . . . Propulsion 16 | 2 . 7 5 . 1 1 Treads 2 | 2 . . . . . . Leg 2 | . . 2 . . . . Wheel . | . . . . . . . Hover . | . . . . . . . Flight 12 | . . 5 5 . 1 1 Utility 7 | 1 . 2 1 . 3 . Device 3 | . . . 1 . 2 . Storage 2 | 1 . . . . 1 . Processor . | . . . . . . . Hackware . | . . . . . . . Protection 2 | . . 2 . . . . Artifact . | . . . . . . . Weapon 15 | 3 . . 7 . 5 . Energy Gun 8 | 3 . . 3 . 2 . Energy Cannon 1 | . . . 1 . . . Ballistic Gun 3 | . . . 1 . 2 . Ballistic Cannon . | . . . . . . . Launcher 1 | . . . 1 . . . Special Weapon 1 | . . . 1 . . . Impact Weapon . | . . . . . . . Slashing Weapon 1 | . . . . . 1 . Piercing Weapon . | . . . . . . . Special Melee Weapon . | . . . . . . . Unidentified Prototypes 4 | . . . 3 . 1 . Parts Lost 14 | . . 2 4 . . 8 Power 4 | . . 1 2 . . 1 Propulsion 7 | . . 1 1 . . 5 Utility 1 | . . . . . . 1 Weapon 2 | . . . 1 . . 1 Highest Loss Streak 8 | . . 1 3 . . 8 To Critical Strikes . | . . . . . . . Average Backups 7 | 1 2 7 7 8 9 9 Power . | . 1 1 1 1 1 1 Propulsion 1 | . . 3 1 1 1 2 Utility 1 | . . . 2 2 2 3 Weapon 2 | . 1 2 2 4 4 3 Tool/Special . | . . . . . . . Unused Backups 3 | . . 2 . . 1 . Power . | . . . . . . . Propulsion 1 | . . 1 . . . . Utility 1 | . . . . . 1 . Weapon 1 | . . 1 . . . . Tool/Special . | . . . . . . . Average Slot Usage (%) 89 | . 82 95 92 88 84 85 Engine 8 | . 13 5 8 11 11 9 Core 2 | . . 7 1 . . . Treads 4 | . 26 1 . . . . Leg 5 | . . 18 . . . . Flight 27 | . . 8 43 44 44 42 Device 5 | . . . 7 11 11 11 Storage 12 | . 14 14 11 11 11 11 Protection 3 | . . 11 . . . . Energy Gun 16 | . 28 28 13 . 1 11 Ballistic Gun 1 | . . . . . 4 . Launcher 1 | . . . 6 11 . . Peak Build Rating 29 | 6 6 10 16 13 29 22 Average Rating 12 | 5 5 8 13 12 17 21 On Entrance 9 | . 6 6 10 12 13 22 Naked Turns . | . . . . . . . Heaviest Build 24 | 11 11 15 18 13 24 19 Greatest Support 40 | 40 40 20 17 17 21 21 Greatest Overweight (x) 3 | . 2 3 1 . 1 2 Average Overweight (x) . | . . . . . . . Largest Inventory Capacity 10 | 8 8 8 8 8 10 10 Average Capacity 8 | 7 8 8 8 8 9 10 Most Carried 10 | 2 6 8 8 8 10 10 Average Carried 7 | 1 3 7 7 8 9 9 Final Capacity 10 | 8 8 8 8 8 10 10 Final Carried 10 | 2 6 8 8 8 10 7 Class Distribution -------------------- 38% | Mutant 29% | Scavenger-Sprinter 24% | Scavenger-Mutant 6% | Sprinter Dominant Class ---------------- Mutant | -10/Materials Scavenger-Mutant | -10/Mines Scavenger-Sprinter | -9/Materials Scavenger-Sprinter | -9/Mines Scavenger-Sprinter | -7/Zion Mutant | -7/Deep Caves Resources | -11 -10 -10 -9 -9 -7 -7 ----------- Run | Yrd Mat Min Mat Min Zio Dee Matter Collected 758 | 252 48 130 165 . 163 . Remotely . | . . . . . . . Salvage Created 738 | . 135 237 366 . . . Parts 62 | . 7 18 37 . . . Haulers Intercepted 1 | . . . 1 . . . Recyclers Shooed . | . . . . . . . Parts Field Recycled . | . . . . . . . Retrieved Matter . | . . . . . . . Parts Self-Destructed . | . . . . . . . Prevented . | . . . . . . . Kills | -11 -10 -10 -9 -9 -7 -7 ------- Run | Yrd Mat Min Mat Min Zio Dee Combat Hostiles Destroyed 31 | . 5 8 18 . . . Guns 15 | . 5 8 2 . . . AOE 16 | . . . 16 . . . Classes Destroyed 6 | . 2 1 3 . . . Worker 1 | . . . 1 . . . Builder 1 | . . . 1 . . . Hauler 1 | . . . 1 . . . Swarmer 18 | . 3 4 11 . . . Grunt 11 | . 2 3 6 . . . Sentry 2 | . . 1 1 . . . Best Kill Streak 9 | . 4 2 9 . . . Combat Bots Only 8 | . 4 2 8 . . . Max Kills in Single Turn 3 | . 1 1 3 . . . Gunslinging . | . . . . . . . Exploded 3 | . . . 3 . . . Melee . | . . . . . . . Uniques/NPCs Destroyed . | . . . . . . . Combat | -11 -10 -10 -9 -9 -7 -7 -------- Run | Yrd Mat Min Mat Min Zio Dee Hostile Shots Fired 200 | . 36 34 64 2 . 64 Missed 77 | . 10 7 26 . . 34 Hits 123 | . 26 27 38 2 . 30 Projectile 123 | . 26 27 38 2 . 30 AOE 1 | . . 1 . . . . Damage Taken 1924 | . 319 320 378 21 . 886 Core 486 | . 34 28 78 10 . 336 Absorbed by Shields . | . . . . . . . Core Remaining (%) 87 | 100 . 75 . . . . Volleys Fired 59 | . 15 19 25 . . . Largest 2 | . 2 2 2 . . . Hottest 115 | . 90 90 115 . . . Shots Fired 109 | . 30 38 41 . . . Gun 98 | . 30 38 30 . . . Cannon . | . . . . . . . Launcher 11 | . . . 11 . . . Special . | . . . . . . . Kinetic 2 | . . . 2 . . . Thermal 90 | . 30 38 22 . . . Explosive 11 | . . . 11 . . . Electromagnetic 6 | . . . 6 . . . Robot Hit Streak 17 | . 9 17 10 . . . Robot Miss Streak 4 | . 4 2 2 . . . Penetration Max . | . . . . . . . Secondary Targets 1 | . . 1 . . . . Max Gunslinging Chain 1 | . . 1 . . . . Shots Hit Robots 71 | . 18 28 25 . . . Core Hits 49 | . 7 14 28 . . . Critical Kills . | . . . . . . . Critical Parts Destroyed . | . . . . . . . Critical Strikes 4 | . 1 3 . . . . Burn 4 | . 1 3 . . . . Melee Attacks . | . . . . . . . Impact . | . . . . . . . Slashing . | . . . . . . . Piercing . | . . . . . . . Sneak Attacks . | . . . . . . . Combat Hostiles . | . . . . . . . Follow-up Attacks . | . . . . . . . Damage Inflicted 1904 | . 241 315 1348 . . . Guns 905 | . 237 315 353 . . . Cannons . | . . . . . . . Explosions 995 | . . . 995 . . . Melee . | . . . . . . . Ramming 4 | . 4 . . . . . Kinetic 8 | . . . 8 . . . Thermal 823 | . 237 315 271 . . . Explosive 995 | . . . 995 . . . Electromagnetic 74 | . . . 74 . . . Impact . | . . . . . . . Slashing . | . . . . . . . Piercing . | . . . . . . . Highest Corruption 1 | . . . 1 1 1 . Average Corruption 1 | . . . 1 1 1 . Corruption Purged . | . . . . . . . Corruption Blocked . | . . . . . . . Effects 1 | . . . 1 . . . Heat Flow Errors 1 | . . . 1 . . . Overload Shots . | . . . . . . . Overflow Damage 14 | . . . 14 . . . Projectiles . | . . . . . . . Explosions 14 | . . . 14 . . . Melee . | . . . . . . . Knockbacks . | . . . . . . . Impact . | . . . . . . . Kinetic . | . . . . . . . Secondary . | . . . . . . . Self-Inflicted Damage 27 | . . . 27 . . . Shots 2 | . . . 2 . . . Rammed 1 | . 1 . . . . . Targets Rammed 1 | . 1 . . . . . Kicked . | . . . . . . . Crushed . | . . . . . . . Highest Temperature 314 | . 200 180 314 . . 36 Average Temperature 85 | . 75 64 106 . . 29 Received Heat Transfer 585 | . 162 90 51 12 . 270 Effects 3 | . . . 3 . . . Energy Bleed 2 | . . . 2 . . . Interference 1 | . . . 1 . . . Siege Activations . | . . . . . . . Martial Activations . | . . . . . . . Shielding Activations . | . . . . . . . Robots Disrupted . | . . . . . . . Combat Hostiles . | . . . . . . . Robots Corrupted . | . . . . . . . Combat Hostiles . | . . . . . . . Parts Fried . | . . . . . . . Impact Corruptions . | . . . . . . . Robots Melted . | . . . . . . . Combat Hostiles . | . . . . . . . Parts Melted 6 | . 2 4 . . . . Heat Transferred 2208 | . 706 994 508 . . . Parts Sabotaged . | . . . . . . . Parts Stolen . | . . . . . . . Parts Stripped . | . . . . . . . Power Chain Reactions . | . . . . . . . Alert | -11 -10 -10 -9 -9 -7 -7 ------- Run | Yrd Mat Min Mat Min Zio Dee Maximum Alert Level 2 | . . . 2 . . . Low Security (%) 78 | 100 100 100 38 100 . . Level 1 19 | . . . 57 . . . Level 2 1 | . . . 4 . . . Level 3 . | . . . . . . . Level 4 . | . . . . . . . Level 5 . | . . . . . . . High Security . | . . . . . . . Max Security . | . . . . . . . Peak Influence 431 | . 100 74 431 163 . . Initial 163 | . . 34 . 163 . . Average 88 | . 40 46 179 163 . . Influence Increases 959 | . 158 190 611 . . . Destroy 0b10 Robot/C 620 | . 100 160 360 . . . Destroy 0b10 Robot/NC 15 | . . . 15 . . . Destroy Leader 112 | . 20 30 62 . . . Successful Hack 8 | . 8 . . . . . Select Force Hacks 30 | . 30 . . . . . Disable Machine 45 | . . . 45 . . . Destroy Structure 114 | . . . 114 . . . Partial Spotted 15 | . . . 15 . . . Influence Decreases 959 | . 68 280 190 258 163 . Entered New Map 477 | . . 56 . 258 163 . Time Decay 432 | . 68 204 160 . . . Lost Part 50 | . . 20 30 . . . Squads Dispatched 5 | . 3 . 2 . . . Investigation 2 | . 1 . 1 . . . Extermination . | . . . . . . . Reinforcement 3 | . 2 . 1 . . . Assault . | . . . . . . . Garrison . | . . . . . . . Intercept . | . . . . . . . Searches Triggered . | . . . . . . . Construction Impeded 1 | . . . 1 . . . Haulers Reinforced . | . . . . . . . Active Scanning Responses . | . . . . . . . Cargo Convoy Interrupts . | . . . . . . . Stealth | -11 -10 -10 -9 -9 -7 -7 --------- Run | Yrd Mat Min Mat Min Zio Dee Distress Signals 1 | . 1 . . . . . Communications Jammed . | . . . . . . . Distress Signals . | . . . . . . . Times Spotted 70 | . 14 13 33 1 . 9 Peak Tracking Total 9 | . 6 3 7 3 . 9 Tactical Retreats 2 | . . . 2 . . . Traps | -11 -10 -10 -9 -9 -7 -7 ------- Run | Yrd Mat Min Mat Min Zio Dee Traps Triggered 1 | . 1 . . . . . Indirectly . | . . . . . . . Trap Hack Attempts . | . . . . . . . Triggered . | . . . . . . . Disarmed . | . . . . . . . Reprogrammed . | . . . . . . . Reused . | . . . . . . . Traps Extracted . | . . . . . . . Installed . | . . . . . . . Triggered . | . . . . . . . Machines | -11 -10 -10 -9 -9 -7 -7 ---------- Run | Yrd Mat Min Mat Min Zio Dee Machines Disabled 3 | . . . 3 . . . Max in Single Turn 2 | . . . 2 . . . Machines Repaired . | . . . . . . . Machines Dismantled . | . . . . . . . Machines Sabotaged . | . . . . . . . Overloaded Fab Kills . | . . . . . . . Hacking | -11 -10 -10 -9 -9 -7 -7 --------- Run | Yrd Mat Min Mat Min Zio Dee Machines Accessed 4 | . 2 . 2 . . . Terminals 2 | . 1 . 1 . . . Fabricators . | . . . . . . . Repair Stations . | . . . . . . . Recycling Units 2 | . 1 . 1 . . . Scanalyzers . | . . . . . . . Garrison Access . | . . . . . . . Total Hacks 8 | . 4 . 4 . . . Successful 2 | . 2 . . . . . Failed 6 | . 2 . 4 . . . Catastrophic 1 | . . . 1 . . . Database Lockouts . | . . . . . . . Manual 10 | . 2 . . . 8 . Terminals 3 | . 1 . 2 . . . Fabricators . | . . . . . . . Repair Stations . | . . . . . . . Recycling Units 5 | . 3 . 2 . . . Scanalyzers . | . . . . . . . Garrison Access . | . . . . . . . Terminal Hacks 1 | . 1 . . . . . Branch Access Points 1 | . 1 . . . . . Fabricator Hacks . | . . . . . . . Repair Station Hacks . | . . . . . . . Recycling Unit Hacks . | . . . . . . . Scanalyzer . | . . . . . . . Garrison Access Hacks . | . . . . . . . Unauthorized Hacks 1 | . 1 . . . . . Terminals . | . . . . . . . Fabricators . | . . . . . . . Repair Stations . | . . . . . . . Recycling Units 1 | . 1 . . . . . Tunnel 1 | . 1 . . . . . Scanalyzers . | . . . . . . . Garrison Access . | . . . . . . . Data Cores Recovered . | . . . . . . . Used . | . . . . . . . Hacking Detections 3 | . 1 . 2 . . . Full Trace Events 1 | . . . 1 . . . Feedback Events 1 | . . . 1 . . . Corruption 1 | . . . 1 . . . Feedback Blocked . | . . . . . . . Robot Schematics Acquired 3 | . . . . . 3 . Robots Built . | . . . . . . . Authchips . | . . . . . . . Time . | . . . . . . . Total Robot Build Rating . | . . . . . . . Part Schematics Acquired 15 | . . . . . 15 . Parts Built . | . . . . . . . Authchips . | . . . . . . . Time . | . . . . . . . Total Part Build Rating . | . . . . . . . Parts Repaired . | . . . . . . . Time . | . . . . . . . Parts Recycled . | . . . . . . . Recycled Matter . | . . . . . . . Retrieved Matter . | . . . . . . . Retrieved Components . | . . . . . . . Parts Scanalyzed . | . . . . . . . Part Schematics Acquired . | . . . . . . . Parts Damaged . | . . . . . . . Bothacking | -11 -10 -10 -9 -9 -7 -7 ------------ Run | Yrd Mat Min Mat Min Zio Dee Used RIF Installer . | . . . . . . . Robots Hacked . | . . . . . . . Non-combat . | . . . . . . . Combat . | . . . . . . . Robot Hacks Applied . | . . . . . . . Relay Couplers Released . | . . . . . . . Fabnet Peak Effective % . | . . . . . . . Robots Rewired . | . . . . . . . Allies Hacked . | . . . . . . . Hacks Repelled . | . . . . . . . Allies | -11 -10 -10 -9 -9 -7 -7 -------- Run | Yrd Mat Min Mat Min Zio Dee Total Allies . | . . . . . . . Largest Group . | . . . . . . . Highest-Rated Group . | . . . . . . . Highest-Rated Ally . | . . . . . . . Total Orders . | . . . . . . . Ally Attacks . | . . . . . . . Total Damage . | . . . . . . . Kills . | . . . . . . . Allies Corrupted . | . . . . . . . Allies Melted . | . . . . . . . Intel | -11 -10 -10 -9 -9 -7 -7 ------- Run | Yrd Mat Min Mat Min Zio Dee Active Infowar (turns) 171 | . . . 171 . . . ECM 171 | . . . 171 . . . Robot Analysis Total . | . . . . . . . Derelict Logs Recovered 1 | . . . . . 1 . Drone Launches . | . . . . . . . Drone Recoveries . | . . . . . . . Exploration | -11 -10 -10 -9 -9 -7 -7 ------------- Run | Yrd Mat Min Mat Min Zio Dee Turns Passed 1534 | 84 200 425 375 4 353 93 Spaces Moved 1789 | 46 85 254 390 4 756 254 Core 2 | 1 1 . . . . . Treads 130 | 45 84 1 . . . . Legs 159 | . . 159 . . . . Wheels . | . . . . . . . Hover . | . . . . . . . Flight 1498 | . . 94 390 4 756 254 Fastest Speed 31 | 50 150 117 31 31 31 31 Average Speed 56 | 157 159 122 31 31 36 35 Slowest Speed 290 | 160 160 290 111 31 108 200 Overloaded Moves . | . . . . . . . Propulsion Burnouts . | . . . . . . . Robots Hopped 6 | . . . 5 . . 1 Potential Cave-ins . | . . . . . . . Cave-ins Triggered . | . . . . . . . Exploration Rate (%) 33 | 4 20 44 33 4 77 49 Regions Visited 6 Branch Regions 4 Pre-discovered Areas 3 | . 1 . . . 2 . Known Exits Taken 1 | . 1 . . . . . Unknown Exits Taken 5 | 1 . 1 1 1 1 . Scrap Searched 5 | . . 1 . . 4 . Spaces Dug 5 | . . . 5 . . . Terrain Destroyed 121 | . . . 121 . . . Melee . | . . . . . . . Projectile . | . . . . . . . AOE 121 | . . . 121 . . . Terrain Rammed . | . . . . . . . Walls Destroyed . | . . . . . . . Machines Disabled . | . . . . . . . Actions | -11 -10 -10 -9 -9 -7 -7 --------- Run | Yrd Mat Min Mat Min Zio Dee Total 2186 | 54 117 331 589 5 833 257 Wait 241 | . 10 34 141 1 55 . Move 1771 | 45 84 253 379 3 755 252 Hop 6 | . . . 5 . . 1 Pick Up 20 | 2 4 4 6 . 4 . Fast Attach 20 | 6 3 4 4 . 3 . Attach 8 | . . . 5 . . 3 Detach 5 | . . . 3 . 2 . Swap 34 | 1 . 9 15 1 8 . Drop 21 | . . 8 6 . 6 1 Fire 59 | . 15 19 25 . . . Melee . | . . . . . . . Ram . | . . . . . . . Kick . | . . . . . . . Crush 1 | . 1 . . . . . Escape Stasis . | . . . . . . . Rewire . | . . . . . . . Trap . | . . . . . . . Miscellaneous . | . . . . . . . Route ------- -11/Scrapyard -10/Materials -10/Mines -9/Materials -9/Mines (discovered 2 exits: [*Mat] / *Zio) -7/Zion -7/Deep Caves History --------- Turn | Location | Event 23 | -11/Scrapyard | Discovered new exit (range 14) 85 | -11/Scrapyard | Entered Materials 98 | -10/Materials | Identified exit to Mines 285 | -10/Materials | Entered Mines 324 | -10/Mines | Build established: Mutant 337 | -10/Mines | Joined a pair of Derelicts in attacking an 0b10 outpost 574 | -10/Mines | Discovered new exit (range 13) 635 | -10/Mines | Assembled infested the area 640 | -10/Mines | Assisted by a Guerilla fighting off Assembled 710 | -10/Mines | Entered Materials 710 | -9/Materials | Evolved 2 slots: Propulsion x2 878 | -9/Materials | Destroyed 7 combat bots 1078 | -9/Materials | Discovered new exit (range 11) 1085 | -9/Materials | Entered Mines 1085 | -9/Mines | Discovered new exit (range 16) 1086 | -9/Mines | A Derelict revealed a hidden shortcut to a safe place 1089 | -9/Mines | Destroyed 8 combat bots 1089 | -9/Mines | Entered Zion 1098 | -7/Zion | Lost 3 parts (1p1n1w) 1141 | -7/Zion | System corruption cleaned by Quarantine Array 1159 | -7/Zion | Learned 4 Factory zone layouts 1197 | -7/Zion | Learned location of Quarantine (-3) 1261 | -7/Zion | Given the Hacking Drone Bay 1262 | -7/Zion | Found Prototype Device 1262 | -7/Zion | Identified Hacking Drone Bay 1279 | -7/Zion | Learned location of Data Miner (-6) 1302 | -7/Zion | Acquired unknown access codes intercepted by a Zionite 1435 | -7/Zion | Opened final containment barrier to the Deep Caves 1441 | -7/Zion | Discovered new exit (range 3) 1441 | -7/Zion | Saw the warning signs outside the Deep Caves entrance 1442 | -7/Zion | Entered Deep Caves 1504 | -7/Deep Caves | Attacked by Z-Imprinter 1508 | -7/Deep Caves | Z-Facility disabled 1531 | -7/Deep Caves | Core integrity fell below 50% 1534 | -7/Deep Caves | Core integrity fell below 20% 1535 | -7/Deep Caves | Destroyed by Z-Imprinter with Zionite Laser-M Last Messages --------------- place goes to hell. Again. 01441_ EXIT=FOUND 01441_ The room is plastered with warning signs of various forms. [Achievement: Signs Are For Wimps] LOCATION=UNKNOWN GOAL=ESCAPE 01496_ NEW_ZION: Z-Facility proximity alert. Z-Imprinter: GET AWAY FROM HERE! I've worked too hard for our future just to have you ruin everything! 01508_ Z-Facility disabled. 01527_ Hvy. Beamcaster destroyed. 01528_ Flight Unit destroyed. 01529_ Mak. Flight Unit destroyed. 01529_ Lgt. Ion Engine destroyed. 01530_ Imp. Heat Sink destroyed. 01531_ Flight Unit destroyed. 01532_ Dropped Beamcaster. 01532_ Imp. Flight Unit destroyed. Map ----- +----------------------------------------------------+ | ????????????????????????????? | | ????????????????????????????? | | ????????????????????????????? """"" | | ????????????????????????????? """"" | | ????????????????????????????? """"" | | ????????????????????????????? """"" | | ????????????????????????????? """"" | | ????????????????????????????? """"" | | ???????????????????????????? """"" | | ????????????????????????? """" | | ???????????????????????# """" | | ????????????????????#### """"" | | ???????????????????## # z """" | | ???????????????????# """" | | ???????????????????# """" | | ???????????????????? z """" | | ????????????????????? I """" | | ??????????????????????# """" | | ??????????????????????# """" | | ???????????????????????# """" | | ???????????????????????# """" | | ???????????????????????## """" | | ???????????????????#????; """ | | ???????????????????# ??; "" | | ???????????????????# # [ "" | | ???????????????????# @ "" | | ??????????????????# "" | | ????????????? "" | | ??????????? "" | | ??????????? | | ????????????####### | | ??????????????????# | | ??????????????????### | | ????????????????????# | | ????????????????????## | | ?????????????????????# | | ?????????????????????# ### ### | | ?????????????????????## ###?? ??## | | ??????????????????????# #??????????### | | ??????????????????????## ######??????????????#### | | ????????????????????????##???????????????????????? | | | | | | | | | | | | | | | | | | | +----------------------------------------------------+ Best States ------------- Heat Dissipation 42 Energy Generation 14 Energy Capacity 265 Matter Stores 300 Matter Capacity 300 Sight Range 16 Terrain Scan Density 10 ECM Strength 1 Armor Coverage 150 Evasion (%) 63 Recoil Reduction 2 Item Schematics ----------------- Lgt. Angular Momentum Engine | -7/Zion | Archive Gauss Cannon | -7/Zion | Archive Adv. Terrain Scan Processor | -7/Zion | Archive Lrn. Missile Launcher | -7/Zion | Archive Power Sword | -7/Zion | Archive Imp. Cooling System | -7/Zion | Archive Arm. Medium Treads | -7/Zion | Archive Imp. Reaction Control System | -7/Zion | Archive Adv. ECM Suite | -7/Zion | Archive Matter Filter | -7/Zion | Archive Remote Shield | -7/Zion | Archive Gravmag System | -7/Zion | Archive Imp. Actuator Array | -7/Zion | Archive Kinecellerator | -7/Zion | Archive Lrn. Tractor Beam | -7/Zion | Archive Robot Schematics ------------------ K-01 Serf | -7/Zion | Archive L-31 Rogue | -7/Zion | Archive I-36 Angel | -7/Zion | Archive Fabricated ------------ Nothing Repaired ---------- Nothing Alien Tech Used ----------------- None Achievements -------------- Signs Are For Wimps Challenges ------------ None Game ------ Seed BehemothAlertBlaster Manual? 0 Play Time 00:35:59 Cumulative 22.9 hours Start 2025.05.26 @ 11:45:14 End 2025.05.26 @ 12:24:16 Sessions 1 Manual Loads 0 Difficulty Rogue Special Mode None Game No. 39 Rogue 39 Adventurer 0 Explorer 0 Win Type - Total 0 Types 0/0/0/0/0/0/0/0/0/0 Lore% 28 Gallery% 27 Achievement% 24 Wizard Run 0 Options --------- Layout 1 ASCII 0 Keyboard 0 Movement Numpad Keybinds 0 Fullscreen 1 Font 24/Smallcaps Map View 50x35 Zoom Use 0% Tactical HUD 1 Map Filters NONE Filters NONE Steam 1 RUN: fac0eef3-910c-456e-a91b-6855c81a5d9d